 Dungeon Crawl Stone Soup version 0.28-a0-863-g8cecda6153 (webtiles) character file.

Game seed: 3726278167831524123

1569 sanka the Agent of Entropy (level 8, -1/67 HPs)
             Began as a Palentonga Abyssal Knight on Nov 17, 2021.
             Was a Priest of Lugonu.
             Slain by an iguana (5 damage)
             ... on level 6 of the Dungeon.
             The game lasted 00:14:32 (8489 turns).

sanka the Agent of Entropy (PaAK)                   Turns: 8489, Time: 00:14:32

Health: -1/67      AC: 13    Str: 18    XL:     8   Next: 59%
Magic:  14/14      EV:  9    Int: 10    God:    Lugonu [***...]
Gold:   211        SH:  0    Dex: 12    Spells: 7/7 levels left

rFire   . . .      SeeInvis +   a - +1 hand axe
rCold   + . .      Faith    .   (no shield)
rNeg    . . .      Spirit   .   r - +2 robe {Will+}
rPois   .          Reflect  .   (no helmet)
rElec   .          Harm     .   (no cloak)
rCorr   .          Rampage  .   (no gloves)
Will    ++...                   (no barding)
Stlth   +.........              (no amulet)
HPRegen 0.21/turn               t - ring of willpower
MPRegen 0.14/turn               g - ring of protection from cold

@: curled up
A: large, rugged brown scales 3, see invisible, deformed body, roll 1, armoured
tail, reflexive curl
a: Rolling Charge, Renounce Religion, Depart the Abyss, Bend Space, Banish


You were on level 6 of the Dungeon.
You worshipped Lugonu.
Lugonu was most pleased with you.
You visited 1 branch of the dungeon, and saw 6 of its levels.
You visited the Abyss 1 time.
You also visited: Sewer.

You collected 211 gold pieces.


Innate Abilities, Weirdness & Mutations

You are completely covered in rugged brown scales. (AC +3, +7% HP)
You have supernaturally acute eyesight. (SInv)
Armour fits poorly on your strangely shaped body.
You can roll at nearby foes to attack.
You have a long armoured tail.
You curl defensively after being hit. (AC +7*)


   Skills:
 + Level 5.5 Fighting
 - Level 7.0 Axes
 - Level 1.5 Armour
 - Level 0.7 Dodging
 - Level 8.0 Invocations


You had 7 spell levels left.
You didn't know any spells.
Your spell library contained the following spells:

 Spells                   Type           Power      Damage    Failure   Level
 Animate Skeleton         Necr           0%         N/A       36%         1
 Apportation              Tloc           0%         N/A       36%         1
 Summon Small Mammal      Summ           0%         N/A       36%         1
 Call Canine Familiar     Summ           0%         N/A       75%         3
 Portal Projectile        Hex/Tloc       0%         N/A       75%         3
 Leda's Liquefaction      Hex/Erth       0%         N/A       98%         4

Inventory:

Hand Weapons
 a - a +1 hand axe (weapon)
 c - a +3 mace
 u - a +1 flail of draining
Missiles
 l - 2 throwing nets {=f}
Armour
 r - a +2 robe of willpower (worn)
Jewellery
 d - a ring of protection from fire
 g - a ring of protection from cold (right hand)
 j - a ring of resist corrosion
 t - a ring of willpower (left hand)
 E - a ring of positive energy
Wands
 k - a wand of flame (3)
 q - a wand of polymorph (3)
Scrolls
 h - 2 scrolls of magic mapping {unknown}
 m - a scroll of amnesia {unknown}
 n - a scroll of enchant armour {unknown}
 s - a scroll of vulnerability {!r}
 v - a scroll of teleportation {@r4}
 w - a scroll of fear {unknown}
 y - a scroll of blinking {unknown}
 D - a scroll of brand weapon {unknown}
Potions
 b - a potion of lignification {unknown}
 e - a potion of curing {unknown}
 f - 2 potions of magic {unknown}
 i - a potion of berserk rage {unknown}
 o - a potion of degeneration {unknown}
 p - a potion of attraction {unknown}
 x - 2 potions of invisibility {unknown}
 z - 2 potions of haste {unknown}
 A - a potion of heal wounds {unknown}
 B - 2 potions of cancellation {unknown}
 C - 2 potions of might {unknown}

Dungeon Overview and Level Annotations

Branches:
Dungeon (6/15)             Temple (0/1) D:4           Sewer (visited)

Altars:
Makhleb

Shops:
D:1 (   D:4 =

Annotations:
D:3 2 runed translucent doors, Karim's ghost, amateur GnCA
D:5 exclusion: water moccasin
Abyss:1 Blork the orc; Eustachio

... ... ... ▒▒▒
....▒ ▒▒▒▒▒
..▒▒.▒.▒▒
....▒▒▒........
▒.....l))..[...
.▒.▒ ▒H▒ ▒
..▒▒▒.▒▒.▒
▒.▒......▒
▒.▒.▒.▒..▒
▒........▒
▒.▒.▒.▒.▒▒.
▒.▒.....▒..
▒▒.▒▒▒▒.▒▒▒.▒....
.................


You could see an iguana.


Message History

You kill the black bear!
Lugonu accepts your kill.
You closely miss the iguana. The iguana barely misses you.
Unknown command.
You barely miss the iguana. You tail-slap the iguana.
The iguana is moderately wounded.
The iguana bites you!
* * * LOW HITPOINT WARNING * * *
Unknown command.
You slash the iguana!
The iguana is heavily wounded.
The iguana bites you!
* * * LOW HITPOINT WARNING * * *
Unknown command.
You hit the iguana but do no damage.
Your tail-slap misses the iguana.
The iguana is heavily wounded.
The iguana barely misses you.
Unknown command.
You hit the iguana but do no damage.
Your tail-slap misses the iguana.
The iguana is heavily wounded.
The iguana bites you!
* * * LOW HITPOINT WARNING * * *
You closely miss the iguana.
The iguana is heavily wounded.
The iguana bites you.
You die...

Action                   |  1- 3 |  4- 6 |  7- 9 || total
-------------------------+-------+-------+-------++-------
Melee: Hand axe          |   107 |   194 |   147 ||   448
       Mace              |     9 |       |       ||     9
       Tailslap          |    13 |    20 |    18 ||    51
       Unarmed           |       |     3 |       ||     3
Invok: Depart the Abyss  |     1 |       |       ||     1
       Banish            |       |       |     3 ||     3
 Abil: Rolling Charge    |       |       |     5 ||     5
Evoke: Wand              |       |     8 |       ||     8
  Use: Scroll            |       |       |     2 ||     2
 Stab: Sleeping          |       |     1 |       ||     1
Armor: Leather armour    |    38 |    12 |       ||    50
       Skin              |       |     1 |       ||     1
       Robe              |       |    47 |    57 ||   104
Dodge: Dodged            |    54 |    72 |    58 ||   184

Levels and vault maps discovered:
D:1:      zaba_arrival_water, layout_basic,
          shapermc_ecumenical_altar_totnotflames, serial_shops, shop
D:2:      layout_loops_ring, basic_altar, minmay_misc_feat_diagonals,
          minmay_unequal
D:3:      layout_basic, ebering_ghost_sewer_f, uniq_sigmund
D:4:      layout_loops_corners, minmay_temple_entry_poolview, serial_shops,
          shop, lightli_sewer_entry_pipes, minmay_misc_feat_alley
D:5:      layout_gridville, uniq_blork_the_orc, uniq_eustachio
D:6:      layout_loops_ring, mainiacjoe_overflow_surrounded_room,
          grunt_temple_overflow_open, nicolae_ru_the_path_less_chosen

Notes
Turn   | Place    | Note
-------+----------+-------------------------------------------
     0 | Abyss:1  | sanka the Palentonga Abyssal Knight began the quest for the
                  | Orb.
     0 | Abyss:1  | Reached XP level 1. HP: 19/19 MP: 2/2
    84 | Abyss:1  | Noticed a spatial vortex
   189 | Abyss:1  | Noticed a rakshasa
   190 | Abyss:1  | Noticed a glowing orange brain
   220 | Abyss:1  | Noticed a raiju
   222 | D:1      | Escaped the Abyss
   591 | D:1      | Found a faded altar of an unknown god.
   651 | D:1      | Reached XP level 2. HP: 24/25 MP: 3/3
   708 | D:1      | Reached * piety under Lugonu
   795 | D:1      | Reached skill level 3 in Axes
   859 | D:1      | Found Doistan's Weapon Shoppe.
  1601 | D:2      | Reached XP level 3. HP: 31/31 MP: 4/4
  1728 | D:2      | Reached skill level 4 in Axes
  1984 | D:2      | Found a burning altar of Makhleb.
  2151 | D:2      | Reached XP level 4. HP: 37/37 MP: 5/5
  2520 | D:3      | Reached ** piety under Lugonu
  2621 | D:3      | Noticed a centaur
  2630 | D:3      | Killed a centaur
  2631 | D:3      | Reached skill level 5 in Axes
  2631 | D:3      | Reached XP level 5. HP: 23/43 MP: 6/6
  2790 | D:3      | Noticed Sigmund
  2803 | D:3      | Killed Sigmund
  2804 | D:3      | Reached skill level 6 in Axes
  2804 | D:3      | Reached XP level 6. HP: 45/50 MP: 6/8
  2850 | D:3      | Reached skill level 3 in Invocations
  3173 | D:3      | Found a runed translucent door.
  3191 | D:3      | Noticed Karim's ghost (amateur GnCA)
  3260 | D:3      | Found a runed translucent door.
  3813 | D:4      | Found a glowing drain.
  3825 | Sewer    | Entered a sewer
  4025 | Sewer    | Reached *** piety under Lugonu
  4776 | D:4      | Found Bileyf's Jewellery Shop.
  4841 | D:4      | Reached skill level 4 in Invocations
  4841 | D:4      | Gained mutation: You curl defensively after being hit. (AC
                  | +7*) [Palentonga growth]
  4841 | D:4      | Reached XP level 7. HP: 55/55 MP: 8/10
  5058 | D:4      | Reached skill level 7 in Axes
  5564 | D:4      | Found a staircase to the Ecumenical Temple.
  5625 | D:5      | Entered Level 5 of the Dungeon
  5789 | D:5      | Noticed Eustachio
  5926 | D:5      | Reached skill level 5 in Invocations
  5988 | D:5      | Reached skill level 6 in Invocations
  6373 | D:5      | HP: 4/55 [phantom (5)]
  6377 | D:5      | Reached skill level 7 in Invocations
  6377 | D:5      | Reached XP level 8. HP: 3/62 MP: 13/13
  6713 | D:5      | Noticed Blork the orc
  6737 | D:5      | Banished Blork the orc
  7511 | D:4      | Banished Eustachio
  7512 | D:4      | Reached skill level 8 in Invocations
  7515 | D:4      | HP: 6/64 [poisoned by Eustachio]
  7519 | D:4      | HP: 2/64 [poisoned by Eustachio]
  7984 | D:5      | Reached skill level 4 in Fighting
  8478 | D:6      | Reached skill level 5 in Fighting
  8488 | D:6      | HP: 4/67 [iguana (12)]
  8489 | D:6      | Slain by an iguana

Vanquished Creatures
  Sigmund (D:3)
  2 black bears
  A centaur (D:3)
  2 ogres (D:5)
  A phantom (D:5)
  A scorpion (D:4)
  2 water moccasin zombies
  A hound (D:5)
  A jelly (D:6)
  3 orc priests
  An iguana (D:4)
  An orc wizard (D:5)
  A killer bee zombie (D:5)
  A hound skeleton (D:2)
  9 adders
  A river rat (D:4)
  3 worms
  2 dart slugs
  12 orcs
  11 ball pythons
  6 endoplasms
  2 giant cockroaches
  8 goblins
  5 hobgoblins
  9 jackals
  16 kobolds
  4 quokkas
  2 bats
  5 frilled lizards
  4 rats
118 creatures vanquished.

Vanquished Creatures (others)
  31 plants (Sewer)
31 creatures vanquished.

Grand Total: 149 creatures vanquished
